 Dungeon Sprint DCSS version 0.18-a0-1805-g8ab820f (webtiles) character file.

23844 Kidiri the Unseen (level 12, -2/63 HPs)
             Began as a Spriggan Enchanter on Apr 25, 2016.
             Was the Champion of Dithmenos.
             Slain by a great orb of eyes (6 damage)
             ... in the Dungeon (Sprint II: "The Violet Keep of Menkaure").
             The game lasted 00:15:33 (2644 turns).

Kidiri the Unseen (Spriggan Enchanter)              Turns: 2644, Time: 00:15:33

Health: -2/63      AC:  5    Str:  9    XL:     12   Next: 75%
Magic:  39/50      EV: 34    Int: 19    God:    Dithmenos [******]
Gold:   1770       SH:  0    Dex: 19    Spells: 8 memorised, 21 levels left

rFire  + . .     SeeInvis +     y - +0 rapier (speed)
rCold  + + .     Gourm    .     i - +1 robe of the Lonely Souls {rC+ rCorr MP+9 Str+3}
rNeg   . . .     Faith    .     (shield restricted)
rPois  +         Spirit   .     (helmet restricted)
rElec  +         Dismiss  .     v - +1 cloak
rCorr  +         Reflect  .     (gloves unavailable)
SustAt .         Harm     .     (boots unavailable)
MR     ++++.     NoTele   +     (no amulet)
Stlth  ++++++++++               k - ring of wizardry
                                b - ring of Oxzituk {MR++ MP+9 Str+2 Slay+2 Stlth-}

@: resistant, wreathed by umbra, very quick, incredibly resistant to hostile
enchantments, uncannily stealthy
A: unfitting armour, see invisible, herbivore 3, speed 3, slow metabolism 2
a: Shadow Step, Shadow Form, Renounce Religion


You were in the Dungeon.
You worshipped Dithmenos.
Dithmenos was exalted by your worship.
You were not hungry.

You visited 1 branch You collected 2749 gold pieces.
You spent 979 gold pieces at shops.

Inventory:

Hand Weapons
 a - a +1 dagger
 u - a +0 dagger of venom
 y - a +0 rapier of speed (weapon)
Missiles
 l - a throwing net (quivered)
Armour
 i - the +1 robe of the Lonely Souls (worn) {rC+ rCorr MP+9 Str+3}
   (You bought it in a shop in the Dungeon)

   It affects your strength (+3).
   It protects you from cold.
   It affects your magic capacity (+9).
   It protects you from acid and corrosion.
 v - a +1 cloak (worn)
Jewellery
 b - the ring of Oxzituk (left hand) {MR++ MP+9 Str+2 Slay+2 Stlth-}
   (You bought it in a shop in the Dungeon)

   [ring of strength]

   It affects your strength (+2).
   It affects your accuracy and damage with ranged weapons and melee attacks
   (+2).
   It affects your resistance to hostile enchantments.
   It affects your magic capacity (+9).
   It makes you less stealthy.
 k - a ring of wizardry (right hand)
Wands
 t - a wand of paralysis (16/24)
Scrolls
 f - 3 scrolls of remove curse
 j - 3 scrolls of blinking
 o - a scroll of fog
 p - a scroll of random uselessness
 r - a scroll of fear
 s - a scroll of enchant armour
 w - a scroll of identify
Potions
 g - a potion of haste
 h - 5 potions of magic
 m - 9 potions of flight
 n - 5 potions of resistance
 q - a potion of lignification
Books
 c - a book of Maledictions

   Spells                             Type                      Level
   a - Corona                         Hexes                        1
   b - Ensorcelled Hibernation        Hexes/Ice                    2
   c - Confuse                        Hexes                        3
   d - Tukima's Dance                 Hexes                        3
   e - Dazzling Spray                 Conjuration/Hexes            3
 e - a book of Spatial Translocations

   Spells                             Type                      Level
   a - Apportation                    Translocation                1
   b - Blink                          Translocation                2
   c - Shroud of Golubria             Charms/Translocation         2
   d - Portal Projectile              Translocation                3
   e - Teleport Other                 Translocation                3
   f - Passage of Golubria            Translocation                4
Comestibles
 d - 3 bread rations


   Skills:
 + Level 7.5 Fighting
 * Level 13.8 Short Blades
 + Level 7.1 Armour
 * Level 17.6 Dodging
 * Level 19.1 Stealth
 * Level 15.1 Spellcasting
 + Level 6.2 Conjurations
 + Level 11.5 Hexes
 + Level 10.5 Charms
 + Level 10.4 Translocations
 + Level 6.9 Ice Magic
 - Level 2.9 Invocations


You had 21 spell levels left.
You knew the following spells:

 Your Spells              Type           Power        Failure   Level  Hunger
a - Corona                Hex            ######.      1%          1    None
b - Ensorcelled Hibernat  Hex/Ice        #####.       1%          2    None
c - Confuse               Hex            ######..     1%          3    None
d - Tukima's Dance        Hex            ######..     1%          3    None
e - Dazzling Spray        Conj/Hex       #####...     1%          3    None
f - Blink                 Tloc           N/A          1%          2    None
g - Shroud of Golubria    Chrm/Tloc      ######....   1%          2    None
h - Passage of Golubria   Tloc           N/A          1%          4    None


Dungeon Overview and Level Annotations

Branches:
Dungeon (1/1)

Altars:
Cheibriados
Dithmenos
Elyvilon
Fedhas
Gozag
Kikubaaqudgha
Makhleb
Nemelex Xobeh
Okawaru
Pakellas
Qazlal
Ru
Sif Muna
Trog
Vehumet
Xom
Yredelemnul
Zin
The Shining One
Beogh
Jiyva
Lugonu

Shops:
D [:}[(!?==(%*=!:*

Annotations:
D exclusion: oklob plant


Innate Abilities, Weirdness & Mutations

You are tiny and cannot use many weapons and most armour.
You have supernaturally acute eyesight.
You are a herbivore.
You cover ground extremely quickly.
You need consume almost no food.


Message History

Drink which item? (? for menu, Esc to quit)
You feel protected. The hell hog bites you!
* * * LOW HITPOINT WARNING * * *
The great orb of eyes bites you.
* * * LOW HITPOINT WARNING * * *
Unknown command.
Casting: Dazzling Spray
Confirm with . or Enter, or press ? or * to list all spells.
Aiming: Dazzling Spray
Press: ? - help, Shift-Dir - straight line, f - hell hog, p - griffon
Aim: a hell hog (umbra)
The spray of energy hits the hell hog.
The hell hog is moderately wounded.
The spray of energy hits the great orb of eyes.
The great orb of eyes is lightly wounded.
The hell hog completely misses you.
A slime creature suddenly becomes a large slime creature.
The hell hog misses you. The great orb of eyes bites you.
You die... ###### #!![)# ###:))}##▓ #$!"..$.?▓ ####+####.$†$..$.▓ ▓▓▓ ##.§...§§##⌠$.E$#+▓ ..▓ ....§§.§§##..J.# ▓▓+▓▓▓▓.▓ §§.§§§§§§##Jh## +.§.▓0..▓ ## zzzz.§§##§HG@### #§§.▓▓▓▓▓▓▓▓ ≈## zzzz

#.≈.....###..§▓≈≈≈§≈≈≈
≈≈#+++#+++#####....#.##§§▓▓▓▓▓▓▓▓
≈≈.........#[.+.^..#.%#}|▓[).[.[.
≈≈≈.##+##..#..####.#%.#")▓..).[))
≈≈≈##.#.##.####..+.##.#§[▓....)..
≈≈≈#.###.#....#..#.^.####▓..(%...
≈####.#.####..#####..##.#▓.[.....
##.###'###.##..#..+^.#%.#▓..(.(..


You could see an iron elemental, a griffon, a great orb of eyes, a large slime
creature, a slime creature and a hell hog.

Vanquished Creatures
  A hellephant (D)
  A deep elf master archer (D)
  A deep elf blademaster (D)
  A kraken (D)
  2 sphinxes (D)
  A draconian shifter (D)
  A crystal guardian (D)
  A fire dragon (D)
  A death yak (D)
  A hell hog (D)
  Sonja (D)
  2 death drakes (D)
  2 deep trolls (D)
  A giant orange brain (D)
  2 unseen horrors (D)
  A harpy (D)
  A griffon (D)
  An eye of devastation (D)
  A spiny frog (D)
  A yaktaur (D)
  3 polar bears (D)
  6 flying skulls (D)
  2 hippogriffs (D)
  4 neqoxecs (D)
  A vampire mosquito (D)
  Menkaure (D)
  2 swamp drakes (D)
  4 necrophages (D)
  A wasp (D)
  3 crocodiles (D)
  3 lava snakes (D)
  4 worker ants (D)
58 creatures vanquished.

Vanquished Creatures (others)
  A griffon (D)
  A crocodile (D)
  12 tentacles (D)
  188 tentacle segments (D)
202 creatures vanquished.

Grand Total: 260 creatures vanquished

Notes
Turn   | Place    | Note
--------------------------------------------------------------
     0 | D        | Kidiri the Spriggan Enchanter began the quest for the Orb.
     0 | D        | Reached XP level 1. HP: 9/9 MP: 5/5
     1 | D        | Noticed a hippogriff
     1 | D        | Noticed a hippogriff
     6 | D        | Noticed a worker ant
     6 | D        | Noticed a worker ant
     6 | D        | Noticed a worker ant
     6 | D        | Noticed a worker ant
     9 | D        | Noticed a neqoxec
    12 | D        | Noticed a necrophage
    12 | D        | Noticed a necrophage
    12 | D        | Noticed a necrophage
    12 | D        | Noticed a necrophage
    21 | D        | Killed a necrophage
    21 | D        | Reached skill level 1 in Fighting
    21 | D        | Reached skill level 1 in Armour
    21 | D        | Reached skill level 5 in Dodging
    21 | D        | Reached skill level 7 in Stealth
    21 | D        | Reached skill level 5 in Spellcasting
    21 | D        | Reached XP level 2. HP: 14/15 MP: 5/9
    21 | D        | Reached XP level 3. HP: 17/18 MP: 5/10
    21 | D        | Reached XP level 4. HP: 22/23 MP: 6/12
    27 | D        | Killed a necrophage
    27 | D        | Reached skill level 5 in Short Blades
    27 | D        | Reached skill level 8 in Stealth
    27 | D        | Reached skill level 5 in Hexes
    27 | D        | Reached XP level 5. HP: 25/26 MP: 6/14
    30 | D        | Killed a necrophage
    30 | D        | Reached skill level 9 in Stealth
    47 | D        | Killed a necrophage
    47 | D        | Reached XP level 6. HP: 11/32 MP: 9/17
    51 | D        | Learned a level 2 spell: Ensorcelled Hibernation
    55 | D        | Learned a level 3 spell: Confuse
    59 | D        | Learned a level 3 spell: Tukima's Dance
    63 | D        | Learned a level 3 spell: Dazzling Spray
   250 | D        | Reached skill level 10 in Stealth
   398 | D        | Killed a hippogriff
   398 | D        | Reached skill level 1 in Conjurations
   398 | D        | Reached skill level 1 in Ice Magic
   398 | D        | Reached XP level 7. HP: 36/36 MP: 15/19
   401 | D        | Killed a hippogriff
   401 | D        | Reached skill level 10 in Dodging
   401 | D        | Reached skill level 11 in Stealth
   407 | D        | Noticed a flying skull
   407 | D        | Noticed a flying skull
   407 | D        | Noticed a flying skull
   407 | D        | Noticed a flying skull
   408 | D        | Noticed a flying skull
   408 | D        | Noticed a flying skull
   409 | D        | Noticed a flying skull
   409 | D        | Noticed a flying skull
   409 | D        | Noticed a flying skull
   409 | D        | Noticed a flying skull
   409 | D        | Noticed a flying skull
   409 | D        | Noticed a flying skull
   409 | D        | Noticed Menkaure
   414 | D        | Killed Menkaure
   415 | D        | Found Iraoqal's Book Shoppe.
   415 | D        | Found Imun's General Store.
   432 | D        | Killed a neqoxec
   479 | D        | Noticed a neqoxec
   480 | D        | Killed a neqoxec
   480 | D        | Reached skill level 12 in Stealth
   480 | D        | Reached XP level 8. HP: 42/42 MP: 22/22
   495 | D        | Found Leps's Distillery.
   495 | D        | Found Hiuvud's Jewellery Shoppe.
   507 | D        | Found Ukko Tenk's Food Emporium.
   507 | D        | Found Dopnihics's Antique Weapon Shoppe.
   509 | D        | Found Syibastiado's Magic Scroll Emporium.
   509 | D        | Found Larghorow's Distillery.
   509 | D        | Found Lyvuh's Jewellery Emporium.
   510 | D        | Found Lux Yxotz's Assorted Antiques.
   510 | D        | Found Ogee's Antique Weapon Shoppe.
   510 | D        | Noticed a shining eye
   511 | D        | Found Piyr's Jewellery Shoppe.
   513 | D        | Found Vischu's Antique Armour Shoppe.
   513 | D        | Found Icutocw's Gadget Emporium.
   513 | D        | Noticed a shining eye
   513 | D        | Noticed a shining eye
   513 | D        | Noticed an oklob plant
   514 | D        | Found Xoixkagg's Antique Armour Shoppe.
   514 | D        | Found Xyuteleg's Book Shoppe.
   515 | D        | Noticed a polar bear
   517 | D        | Noticed a polar bear
   535 | D        | Bought a book of Spatial Translocations for 715 gold pieces
   549 | D        | Bought a brightly glowing robe for 119 gold pieces
   559 | D        | Identified the +1 robe of the Lonely Souls {rC+ rCorr MP+9 Str+3} (You bought it in a shop in the Dungeon)
   563 | D        | Learned a level 2 spell: Blink
   566 | D        | Learned a level 2 spell: Shroud of Golubria
   571 | D        | Learned a level 4 spell: Passage of Golubria
   601 | D        | Found a blossoming altar of Fedhas.
   601 | D        | Found a shadowy altar of Dithmenos.
   602 | D        | Found a sacrificial altar of Ru.
   602 | D        | Found a roughly hewn altar of Beogh.
   602 | D        | Found a sparkling altar of Nemelex Xobeh.
   603 | D        | Found a burning altar of Makhleb.
   603 | D        | Found a snail-covered altar of Cheibriados.
   603 | D        | Found a radiant altar of Vehumet.
   604 | D        | Found a bloodstained altar of Trog.
   604 | D        | Found a white marble altar of Elyvilon.
   604 | D        | Found an ancient bone altar of Kikubaaqudgha.
   605 | D        | Found a shimmering altar of Xom.
   605 | D        | Found a basalt altar of Yredelemnul.
   605 | D        | Found a glowing silver altar of Zin.
   606 | D        | Found a glowing golden altar of the Shining One.
   606 | D        | Found a stormy altar of Qazlal.
   608 | D        | Found a deep blue altar of Sif Muna.
   608 | D        | Found an iron altar of Okawaru.
   608 | D        | Found an oddly glowing altar of Pakellas.
   608 | D        | Found a corrupted altar of Lugonu.
   608 | D        | Noticed a polar bear
   609 | D        | Found an opulent altar of Gozag.
   609 | D        | Found a viscous altar of Jiyva.
   609 | D        | Noticed a yaktaur
   613 | D        | Became a worshipper of Dithmenos the Shadowed
   620 | D        | Noticed a polar bear
   620 | D        | Noticed a polar bear
   632 | D        | Killed a polar bear
   632 | D        | Reached skill level 1 in Charms
   632 | D        | Reached skill level 1 in Translocations
   640 | D        | Killed a polar bear
   640 | D        | Reached skill level 13 in Stealth
   640 | D        | Reached skill level 10 in Spellcasting
   644 | D        | Reached * piety under Dithmenos
   648 | D        | Killed a yaktaur
   648 | D        | Reached XP level 9. HP: 39/46 MP: 19/24
   668 | D        | Killed a polar bear
   714 | D        | Bought a bound turquoise ring for 145 gold pieces
   714 | D        | Identified the ring of Oxzituk {MR++ MP+9 Str+2 Slay+2 Stlth-} (You bought it in a shop in the Dungeon)
   751 | D        | Noticed a death yak
   752 | D        | Killed a death yak
   752 | D        | Reached ** piety under Dithmenos
   752 | D        | Reached skill level 5 in Fighting
   752 | D        | Reached skill level 1 in Invocations
   765 | D        | Noticed an unseen horror
   766 | D        | Noticed an unseen horror
   770 | D        | Killed an unseen horror
   770 | D        | Reached skill level 14 in Stealth
   774 | D        | Killed an unseen horror
   774 | D        | Reached skill level 10 in Short Blades
   774 | D        | Reached XP level 10. HP: 34/51 MP: 26/26
   785 | D        | Noticed a deep elf master archer
   788 | D        | Noticed a fire dragon
   791 | D        | Killed a fire dragon
   791 | D        | Reached *** piety under Dithmenos
   791 | D        | Reached skill level 5 in Armour
   791 | D        | Reached skill level 5 in Charms
   791 | D        | Reached skill level 5 in Translocations
   811 | D        | Noticed a death drake
   983 | D        | Noticed a kraken
  1440 | D        | Killed a kraken
  1440 | D        | Reached skill level 15 in Stealth
  1695 | D        | Noticed an orange crystal statue
  1719 | D        | Noticed a deep troll
  1720 | D        | Noticed a deep troll
  1722 | D        | Killed a deep troll
  1723 | D        | Killed a deep troll
  1723 | D        | Reached **** piety under Dithmenos
  1964 | D        | Killed a deep elf master archer
  1964 | D        | Reached skill level 15 in Dodging
  1964 | D        | Reached skill level 16 in Stealth
  1964 | D        | Reached skill level 5 in Ice Magic
  1964 | D        | Reached XP level 11. HP: 40/56 MP: 28/28
  2105 | D        | Noticed a sphinx
  2105 | D        | Noticed a sphinx
  2108 | D        | Killed a sphinx
  2108 | D        | Reached skill level 5 in Conjurations
  2108 | D        | Reached skill level 10 in Hexes
  2112 | D        | Killed a sphinx
  2112 | D        | Reached skill level 17 in Stealth
  2157 | D        | Noticed a hellephant
  2158 | D        | Noticed Sonja
  2158 | D        | Noticed a giant orange brain
  2159 | D        | Killed a hellephant
  2159 | D        | Reached ***** piety under Dithmenos
  2160 | D        | Noticed a green draconian shifter
  2165 | D        | Killed a giant orange brain
  2167 | D        | Killed Sonja
  2167 | D        | Reached XP level 12. HP: 48/62 MP: 31/31
  2173 | D        | Killed a green draconian shifter
  2173 | D        | Reached skill level 18 in Stealth
  2293 | D        | Noticed a deep elf blademaster
  2297 | D        | Killed a deep elf blademaster
  2365 | D        | Reached skill level 10 in Charms
  2464 | D        | Reached ****** piety under Dithmenos
  2465 | D        | Reached skill level 10 in Translocations
  2601 | D        | Noticed a crystal guardian
  2604 | D        | Killed a crystal guardian
  2626 | D        | Noticed an iron elemental
  2627 | D        | Noticed a hell hog
  2627 | D        | Noticed a hell hog
  2627 | D        | Noticed a great orb of eyes
  2630 | D        | Reached skill level 15 in Spellcasting
  2632 | D        | Reached skill level 19 in Stealth
  2642 | D        | Killed a hell hog
  2644 | D        | Slain by a great orb of eyes

Vault maps used:
D:        the_violet_keep_of_menkaure

Skill      XL: |  1  2  3  4  5  6  7  8  9 10 11 12 |
---------------+-------------------------------------+-----
Fighting       | 1 2 3 4 5 6 7 |  7.5
Short Blades   | 3 5 6 7 8 9 10 11 12 13 | 13.8
Armour         | 1 2 3 4 5 6 7 |  7.1
Dodging        | 5 7 8 9 10 12 13 15 16 17 | 17.6
Stealth        | 7 8 9 10 12 13 14 16 17 19 | 19.1
Spellcasting   | 5 6 7 8 9 10 11 12 14 15 | 15.1
Hexes          | 4 5 6 7 8 9 10 11 | 11.5
Conjurations   | 1 2 3 4 5 6 |  6.2
Ice Magic      | 1 2 3 4 5 6 |  6.9
Charms         | 2 4 7 9 10 | 10.5
Translocations | 2 4 7 9 10 | 10.4
Invocations    | 2 |  2.9

Action                   |  1- 3 |  4- 6 |  7- 9 | 10-12 || total
-------------------------+-------+-------+-------+-------++-------
Melee: Dagger            |     7 |    29 |    53 |    45 ||   134
       Rapier            |       |       |       |    11 ||    11
 Cast: Corona            |     1 |     1 |       |       ||     2
       Ensorcelled Hiber |       |     6 |     8 |    13 ||    27
       Confuse           |       |       |     6 |    13 ||    19
       Dazzling Spray    |       |       |       |    20 ||    20
       Shroud of Golubri |       |       |       |     1 ||     1
       Blink             |       |       |       |     2 ||     2
       Passage of Golubr |       |       |       |     1 ||     1
Invok: Shadow Step       |       |       |       |     7 ||     7
  Use: Potion            |     1 |     1 |     1 |     2 ||     5
       Scroll            |       |       |       |    10 ||    10
 Stab: Sleeping          |       |     5 |    10 |    21 ||    36
       Confused          |       |       |     7 |     8 ||    15
       Invisible         |       |       |       |     2 ||     2
       Distracted        |       |       |       |     1 ||     1
  Eat: Pizza             |       |       |       |     1 ||     1
Armor: Robe              |       |       |       |     4 ||     4
Dodge: Dodged            |     4 |    22 |    43 |    90 ||   159
